 Dungeon Crawl Stone Soup version 0.17.0-28-g6e173f8 (webtiles) character file.

13131 root the Grappler (level 11, 0/113 HPs)
             Began as a Troll Monk on Nov 25, 2015.
             Was a High Priest of Okawaru.
             Slain by Maud
             ... wielding a +0 great sword of slicing
              (17 damage)
             ... on level 11 of the Dungeon.
             The game lasted 01:07:17 (10245 turns).

root the Grappler (Troll Monk)                     Turns: 10245, Time: 01:07:18

Health: 0/113      AC:  7    Str: 21    XL:     11   Next: 71%
Magic:  8/10       EV: 17    Int:  8    God:    Okawaru [*****.]
Gold:   798        SH:  0    Dex: 13    Spells: 0 memorised, 10 levels left

rFire  . . .     SeeInvis .       - Unarmed
rCold  . . .     Clarity  .     D - +1 robe {MR+}
rNeg   . . .     SustAt   .     (no shield)
rPois  +         Gourm    +     Z - +0 hat of the Thunderstorm {rPois}
rElec  .         Spirit   .     y - +0 cloak (curse)
rCorr  .         Warding  .     (gloves unavailable)
rMut   .         Stasis   .     (boots unavailable)
MR     +....                    (no amulet)
Stlth  ++........               (no ring)
                                k - ring of poison resistance

@: about to teleport, heroism, somewhat resistant to hostile enchantments,
unstealthy
A: unfitting armour, claws 3, fast metabolism 3, gourmand, regeneration 2,
shaggy fur 1, tough skin 2
a: Heroism, Finesse, Renounce Religion


You were on level 11 of the Dungeon.
You worshipped Okawaru.
Okawaru was extremely pleased with you.
You were very full.

You visited 2 branches of the dungeon, and saw 12 of its levels.

You collected 982 gold pieces.
You spent 184 gold pieces at shops.

Inventory:

Hand Weapons
 p - a +0 blowgun
Missiles
 m - 2 throwing nets
 q - 56 poisoned needles
 E - 5 javelins
 F - 8 needles of confusion
 G - 2 javelins of penetration
 I - 8 large rocks
 U - 5 curare-tipped needles
 Y - 4 tomahawks (quivered)
Armour
 a - a +0 robe
 l - a +0 animal skin
 s - a +0 robe of magic resistance
 y - a cursed +0 cloak (worn)
 D - a +1 robe of magic resistance (worn)
 Z - the +0 hat of the Thunderstorm (worn) {rPois}
   (Okawaru gifted it to you on level 10 of the Dungeon)

   It protects you from poison.
Jewellery
 k - a ring of poison resistance (left claw)
 L - an uncursed ring of ice {unknown}
Wands
 w - a wand of random effects (26)
 x - a wand of paralysis (18)
 B - a wand of frost (25)
 H - a wand of hasting (3)
Scrolls
 c - 14 scrolls of identify
 e - 4 scrolls of teleportation
 i - 2 scrolls of magic mapping
 u - a scroll of fear {unknown}
 N - a scroll of summoning {unknown}
 O - a scroll of noise
 Q - a scroll of recharging {unknown}
 R - a scroll of holy word {unknown}
 W - a scroll of random uselessness {unknown}
Potions
 d - 3 potions of degeneration {unknown}
 f - 3 potions of might {unknown}
 g - 3 potions of heal wounds {unknown}
 j - 3 potions of curing {unknown}
 o - 3 potions of flight {unknown}
 r - a potion of poison {unknown}
 t - a potion of lignification {unknown}
 z - a potion of magic {unknown}
 A - 2 potions of berserk rage {unknown}
 C - a potion of invisibility {unknown}
 J - a potion of agility {unknown}
 P - a potion of cure mutation {unknown}
 S - a potion of brilliance {unknown}
Books
 M - a book of Annihilations

   Spells                             Type                      Level
   a - Poison Arrow                   Conjuration/Poison           6
   b - Chain Lightning                Conjuration/Air              8
   c - Lehudib's Crystal Spear        Conjuration/Earth            8
   d - Glaciate                       Conjuration/Ice              9
   e - Fire Storm                     Conjuration/Fire             9
Miscellaneous
 X - a plain deck of wonders
Comestibles
 b - 11 bread rations
 h - 4 meat rations
 n - 10 chunks of flesh
 v - 8 fruits
 K - a beef jerky
 T - 4 royal jellies


   Skills:
 + Level 8.4(13.4) Fighting
 + Level 8.6(13.6) Throwing
 - Level 1.4(6.4) Armour
 + Level 8.4(13.4) Dodging
 - Level 1.1(6.1) Stealth
 + Level 10.3(15.3) Unarmed Combat


You had 10 spell levels left.
You didn't know any spells.

Dungeon Overview and Level Annotations

Branches:
Dungeon (11/15)            Temple (1/1) D:5            Lair (0/8) D:11
    Orc: D:9-12

Altars:
Ashenzari
Cheibriados
Dithmenos
Elyvilon
Fedhas
Gozag
Kikubaaqudgha
Makhleb
Nemelex Xobeh
Okawaru
Qazlal
Ru
Sif Muna
Vehumet
Xom
Yredelemnul
Zin
The Shining One

Shops:
D:6 %   D:9 ?   D:10 }(

Annotations:
D:11 Maud


Innate Abilities, Weirdness & Mutations

You are too large for most types of armour.
You have claws for hands.
Your metabolism is lightning-fast.
You like to eat raw meat.
You heal very quickly.
You are covered in fur (AC +1).
You have very tough skin (AC +2).


Message History

Maud is lightly wounded.
Maud hits you with a great sword of slicing!!
You scratch Maud but do no damage.
Maud is lightly wounded.
Maud hits you with a great sword of slicing!!
* * * LOW HITPOINT WARNING * * *
x2 You scratch Maud but do no damage.
Your claw misses Maud.
Maud is lightly wounded.
You barely miss Maud.
Maud is lightly wounded.
Maud screams, "I want it!"
Maud hits you with a great sword of slicing.
* * * LOW HITPOINT WARNING * * *
x2 You claw Maud!
Maud is lightly wounded.
Read which item? (? for menu, Esc to quit)
As you read the scroll of teleportation, it crumbles to dust.
You feel strangely unstable.
Maud hits you with a great sword of slicing!
You die...

#.. #######.. #........
##### #........ #####
#... #........
#....##..#### #....###.
#...........####....##..
#..#.#.#.#.....######...
#(..((@@....)..# ##...
#..#.#.#(#.....# #....
##.............# ##[...
#.#.#.#.#.....# #.....
#.............####.....
#.#.#.#.#..............
#.........##########...
####.....## #... #......
##..


You could see Maud.

Vanquished Creatures
  Erica (D:11)
  4 hill giants
  An orange crystal statue (D:9)
  A cyclops (D:7)
  An orc knight (D:7)
  An ugly thing (D:11)
  Joseph (D:10)
  Psyche (D:10)
  A gargoyle (D:10)
  2 trolls
  A two-headed ogre (D:11)
  Sigmund (D:3)
  A trapdoor spider (D:9)
  A deep elf mage (D:6)
  A wyvern (D:8)
  7 yaks
  A mottled dragon (D:11)
  2 hippogriffs
  3 hungry ghosts
  2 wargs (D:11)
  Menkaure (D:6)
  3 orc warriors
  A phantom (D:4)
  2 ice beasts
  8 ogres
  An eye of draining (D:10)
  3 black bears
  3 sky beasts
  4 centaurs
  A crocodile (D:8)
  Blork the orc (D:5)
  6 giant frogs
  3 scorpions
  6 wights
  3 spriggan skeletons (D:9)
  2 centaur zombies
  10 crimson imps
  A giant frog zombie (D:9)
  4 centaur skeletons
  A quasit (D:10)
  4 hounds
  3 jellies
  Crazy Yiuf (D:7)
  2 orc priests
  2 iguanas
  8 orc wizards
  8 worker ants
  A hound zombie (D:9)
  A hound skeleton (D:10)
  Robin (D:2)
  8 adders
  4 gnolls (D:6)
  3 shadow imps
  2 oozes
  2 adder zombies
  2 adder skeletons
  4 worms
  7 giant geckos
  29 orcs
  2 ball pythons
  8 bats
  6 giant cockroaches
  14 hobgoblins
  3 quokkas
  9 giant newts
  8 goblins
  12 jackals
  8 kobolds
  A quokka skeleton (D:5)
  10 rats
271 creatures vanquished.

Notes
Turn   | Place    | Note
--------------------------------------------------------------
     0 | D:1      | root the Troll Monk began the quest for the Orb.
     0 | D:1      | Reached XP level 1. HP: 22/22 MP: 0/0
   137 | D:1      | Reached XP level 2. HP: 27/29 MP: 1/1
   565 | D:1      | Reached skill level 1 in Armour
   567 | D:1      | Reached XP level 3. HP: 36/36 MP: 2/2
   948 | D:2      | Noticed Robin
   958 | D:2      | Killed Robin
   958 | D:2      | Reached XP level 4. HP: 36/45 MP: 3/3
  1769 | D:3      | Reached XP level 5. HP: 30/53 MP: 4/4
  1993 | D:3      | Reached skill level 1 in Throwing
  2103 | D:3      | Noticed Sigmund
  2565 | D:4      | Noticed a phantom
  2600 | D:4      | Killed a phantom
  2600 | D:4      | Reached skill level 5 in Unarmed Combat
  2600 | D:4      | Reached XP level 6. HP: 56/61 MP: 5/5
  2972 | D:5      | Entered Level 5 of the Dungeon
  2974 | D:5      | Got a fine short sword
  2975 | D:5      | Identified the +7 short sword of the Purse {pierce, Int+2} (You found it on level 5 of the Dungeon)
  3003 | D:5      | Reached XP level 7. HP: 63/68 MP: 6/6
  3121 | D:5      | Found a staircase to the Ecumenical Temple.
  3166 | Temple   | Entered the Ecumenical Temple
  3277 | Temple   | Became a worshipper of Warmaster Okawaru
  3277 | Temple   | Reached * piety under Okawaru
  3277 | Temple   | Reached ** piety under Okawaru
  3925 | D:5      | Found Yffycs Qudgh's Antique Armour Boutique.
  3989 | D:5      | Found a sparkling altar of Nemelex Xobeh.
  3992 | D:5      | Noticed Blork the orc
  4002 | D:5      | Killed Blork the orc
  4515 | D:6      | Reached skill level 6 in Unarmed Combat
  4537 | D:6      | Found a glowing silver altar of Zin.
  4587 | D:6      | Noticed Menkaure
  4594 | D:6      | Killed Menkaure
  4594 | D:6      | Reached XP level 8. HP: 43/79 MP: 7/7
  4826 | D:6      | Found Feumm's Food Emporium.
  4975 | D:6      | Noticed a deep elf mage
  4981 | D:6      | Killed a deep elf mage
  5102 | D:6      | Reached *** piety under Okawaru
  5247 | D:6      | Reached skill level 5 in Dodging
  5303 | D:6      | Reached skill level 5 in Fighting
  5725 | D:3      | Killed Sigmund
  5825 | D:6      | Reached skill level 7 in Unarmed Combat
  5931 | D:7      | Found an iron altar of Okawaru.
  5935 | D:7      | Reached XP level 9. HP: 86/88 MP: 8/8
  6030 | D:7      | Got a brightly glowing spear
  6031 | D:7      | Identified the +7 spear of Plague {freeze, +Rage Str+4 Int+3} (You found it on level 7 of the Dungeon)
  6174 | D:7      | Reached skill level 5 in Throwing
  6198 | D:7      | Noticed Crazy Yiuf
  6206 | D:7      | Killed Crazy Yiuf
  6497 | D:8      | Reached **** piety under Okawaru
  6863 | D:8      | Noticed a moth of wrath
  6958 | D:7      | Received a gift from Okawaru
  7010 | D:7      | Noticed an orc knight
  7014 | D:7      | Killed an orc knight
  7014 | D:7      | Received a gift from Okawaru
  7014 | D:7      | Reached skill level 8 in Unarmed Combat
  7052 | D:7      | Reached XP level 10. HP: 53/100 MP: 9/9
  7098 | D:7      | Noticed a cyclops
  7142 | D:7      | Killed a cyclops
  7642 | D:9      | Noticed a hill giant
  7651 | D:9      | Killed a hill giant
  7651 | D:9      | Received a gift from Okawaru
  7881 | D:9      | Found Qipparghi's Magic Scroll Boutique.
  7897 | D:9      | Bought a scroll of identify for 32 gold pieces
  7897 | D:9      | Bought a scroll of teleportation for 48 gold pieces
  7897 | D:9      | Bought a scroll of magic mapping for 56 gold pieces
  7897 | D:9      | Bought a scroll of identify for 32 gold pieces
  7897 | D:9      | Bought a scroll of noise for 16 gold pieces
  8103 | D:9      | Noticed an orange crystal statue
  8104 | D:9      | Noticed a hill giant
  8438 | D:9      | Reached ***** piety under Okawaru
  8441 | D:9      | Reached skill level 9 in Unarmed Combat
  8821 | D:9      | Killed an orange crystal statue
  8849 | D:10     | Entered Level 10 of the Dungeon
  8853 | D:10     | Noticed a hill giant
  8869 | D:10     | Killed a hill giant
  8869 | D:10     | Received a gift from Okawaru
  8869 | D:10     | Reached XP level 11. HP: 87/109 MP: 7/10
  9172 | D:10     | Found Mottarozue's Antique Weapon Shop.
  9205 | D:10     | Noticed Joseph
  9213 | D:10     | Killed Joseph
  9421 | D:10     | Noticed Psyche
  9433 | D:10     | Killed Psyche
  9434 | D:10     | Noticed a hill giant
  9514 | D:10     | Killed a hill giant
  9793 | D:10     | Found Wagyci's Quality Used Wands.
  9822 | D:10     | Reached skill level 10 in Unarmed Combat
  9834 | D:10     | Received a gift from Okawaru
  9835 | D:10     | Got a shimmering hat {god gift}
  9841 | D:10     | Identified the +0 hat of the Thunderstorm {rPois} (Okawaru gifted it to you on level 10 of the Dungeon)
 10069 | D:11     | Noticed a hill giant
 10084 | D:11     | Killed a hill giant
 10112 | D:11     | Noticed Erica
 10124 | D:11     | Killed Erica
 10166 | D:11     | Found a staircase to the Lair.
 10233 | D:11     | Noticed Maud
 10245 | D:11     | Slain by Maud

Action                   |  1- 3 |  4- 6 |  7- 9 | 10-12 || total
-------------------------+-------+-------+-------+-------++-------
Melee: Unarmed           |    86 |   207 |   315 |   340 ||   948
Throw: Tomahawk          |       |       |       |    32 ||    32
       Large rock        |       |       |       |     7 ||     7
       Javelin           |       |       |       |    17 ||    17
       Throwing net      |       |       |       |     1 ||     1
Invok: Heroism           |       |       |     1 |     9 ||    10
  Use: Scroll            |       |       |       |     1 ||     1
 Stab: Sleeping          |     3 |     2 |     1 |     6 ||    12
  Eat: Chunk             |    14 |    17 |    40 |    41 ||   112
       Fruit             |       |       |       |     3 ||     3
